 Dungeon Crawl Stone Soup version 0.20-a0-1058-g0491fde (webtiles) character file.

4246 Chaoticas the Arsonist (level 10, -15/69 HPs)
             Began as a Black Draconian Fire Elementalist on Apr 26, 2017.
             Was a Follower of Vehumet.
             Killed from afar by Erolcha (27 damage)
             ... with a crystal spear
             ... on level 11 of the Dungeon.
             The game lasted 00:42:19 (12931 turns).

Chaoticas the Arsonist (DrFE)                      Turns: 12931, Time: 00:42:19

Health: -15/69     AC: 10    Str: 10    XL:     10   Next: 9%
Magic:  19/22      EV: 12    Int: 19    God:    Vehumet [*.....]
Gold:   482        SH:  0    Dex: 15    Spells: 10/25 levels left

rFire    + . .     SeeInvis .   w - +5 quarterstaff (chaos)
rCold    + . .     Gourm    .   (shield currently unavailable)
rNeg     . . .     Faith    .   (armour unavailable)
rPois    +         Spirit   .   (helmet restricted)
rElec    +         Reflect  .   x - +0 cloak
rCorr    +         Harm     .   y - +0 pair of gloves
MR       .....                  t - +0 pair of boots
Stlth    ++........             (no amulet)
Regen    0.3/turn               o - +3 ring of dexterity
MPRegen  0.2/turn               (no ring)

@: resistant, very slightly contaminated
A: breathe lightning, unfitting armour, electricity resistance, cold-blooded, AC
+7
a: Breathe Lightning, Renounce Religion


You were on level 11 of the Dungeon.
You worshipped Vehumet.
Vehumet was aware of your devotion.
You were hungry.

You visited 2 branches of the dungeon, and saw 12 of its levels.

You collected 482 gold pieces.

Inventory:

Hand Weapons
 m - a +0 mace
 w - a +5 quarterstaff of chaos (weapon)
Missiles
 d - 271 stones (quivered)
Armour
 t - a +0 pair of boots (worn)
 x - a +0 cloak (worn)
 y - a +0 pair of gloves (worn)
Jewellery
 o - a +3 ring of dexterity (left hand)
Wands
 r - a wand of flame (29/48)
 E - a wand of paralysis (6/24)
Scrolls
 c - 8 scrolls of identify
 e - 5 scrolls of teleportation
 f - 3 scrolls of blinking
 g - 7 scrolls of remove curse
 h - a scroll of immolation {unknown}
 q - 2 scrolls of enchant weapon
 s - a scroll of recharging {unknown}
 z - a scroll of amnesia {unknown}
Potions
 i - 3 potions of agility
 j - 2 potions of haste
 k - 4 potions of curing
 n - a potion of might
 p - 2 potions of brilliance {unknown}
 u - a potion of resistance
 v - 2 potions of lignification {unknown}
 A - a potion of invisibility {unknown}
 C - a potion of ambrosia {unknown}
 F - a potion of mutation {unknown}
Books
 a - a book of Flames

   Spells                             Type                      Level
   a - Flame Tongue                   Conjuration/Fire             1
   b - Throw Flame                    Conjuration/Fire             2
   c - Conjure Flame                  Conjuration/Fire             3
   d - Inner Flame                    Hexes/Fire                   3
   e - Sticky Flame                   Conjuration/Fire             4
   f - Fireball                       Conjuration/Fire             5
 B - a book of Conjurations

   Spells                             Type                      Level
   a - Magic Dart                     Conjuration                  1
   b - Searing Ray                    Conjuration                  2
   c - Dazzling Spray                 Conjuration/Hexes            3
   d - Fulminant Prism                Conjuration/Hexes            4
   e - Force Lance                    Conjuration/Translocation    4
   f - Iskenderun's Mystic Blast      Conjuration                  4
Comestibles
 b - 2 bread rations
 l - 6 meat rations
 D - 2 fruits


   Skills:
 - Level 1.7 Dodging
 - Level 1.7 Stealth
 * Level 8.0 Spellcasting
 * Level 8.5 Conjurations
 * Level 9.1 Fire Magic


You had 10 spell levels left.
You knew the following spells:

 Your Spells              Type           Power        Failure   Level  Hunger
a - Flame Tongue          Conj/Fire      #####        1%          1    None
b - Throw Flame           Conj/Fire      #####.       1%          2    None
c - Conjure Flame         Conj/Fire      #####...     1%          3    None
d - Sticky Flame          Conj/Fire      #####...     2%          4    ###....
e - Fireball              Conj/Fire      #####.....   7%          5    #####..


Dungeon Overview and Level Annotations

Branches:
Dungeon (12/15)            Temple (1/1) D:6
   Lair: D:8-11         Orc: D:9-12

Altars:
Ashenzari
Cheibriados
Dithmenos
Elyvilon
Fedhas
Gozag
Hepliaklqana
Kikubaaqudgha
Makhleb
Nemelex Xobeh
Okawaru
Qazlal
Ru
Sif Muna
Trog
Uskayaw
Vehumet
Wu Jian
Xom
Yredelemnul
Zin
The Shining One

Shops:
D:5 ![   D:6 (   D:9 *

Annotations:
D:4 exclusion: downstairs
D:6 dtmoney's ghost, novice MfIE
D:7 sleevener's ghost, novice VSTm
D:11 exclusion: downstairs, Erolcha


Innate Abilities, Weirdness & Mutations

You can breathe wild blasts of lightning.
Your glossy black scales are hard. (AC +7)
You cannot fit into any form of body armour.
You are resistant to electric shocks. (rElec)
You are cold-blooded and may be slowed by cold attacks.


Message History

Aim: Erolcha, wielding a giant club and wearing a robe (resting)
The sticky flame hits Erolcha.
Erolcha appears unharmed.
Erolcha shouts!
Erolcha is covered in liquid flames!
Erolcha burns!
Erolcha points at you and mumbles some strange words.
The bolt of cold hits you!
You hit Erolcha.
Erolcha is poisoned.
Erolcha is lightly wounded.
Erolcha burns!
Erolcha misses you.
You hit Erolcha but do no damage. You drain Erolcha!
Erolcha is moderately wounded.
Erolcha burns!
Erolcha misses you.
You sock Erolcha!
Erolcha looks as sick as possible!
Erolcha is heavily wounded.
Erolcha burns! x2; Erolcha stops burning.
Erolcha hits you with a giant club!!
* * * LOW HITPOINT WARNING * * *
You feel protected. Erolcha gestures at you while chanting.
The crystal spear hits you!
You die...

#.....#
###'###
#..#
##.##
#..#
#####'###
#.......#
#..$....#
#.....@.#
#......O#
#.......#
#.......+
#.......#
#.......#
##.######
#.


You could see Erolcha.

Vanquished Creatures
  A gargoyle (D:8)
  Sigmund (D:6)
  A hungry ghost (D:9)
  Eustachio (D:6)
  A soldier ant (D:12)
  A water moccasin (D:8)
  A sky beast (D:5)
  An ice beast (D:6)
  A necrophage (D:5)
  5 ogres
  A phantom (D:8)
  3 centaurs
  A crocodile (D:11)
  A big kobold (D:9)
  2 bullfrogs
  Blork the orc (D:6)
  A water moccasin skeleton (D:4)
  4 scorpions
  2 howler monkeys
  5 wights (D:7)
  5 crimson imps
  A quasit (D:5)
  A centaur zombie (D:7)
  3 hounds
  2 jellies
  Crazy Yiuf (D:5)
  A centaur skeleton (D:8)
  3 orc priests
  6 orc wizards
  2 bullfrog skeletons
  3 iguanas
  9 worker ants
  2 hound zombies
  3 hound skeletons
  6 gnolls
  11 adders
  2 shadow imps
  An ooze (D:1)
  4 adder zombies
  2 adder skeletons
  5 worms
  2 dart slugs
  A leopard gecko (D:3)
  25 orcs
  10 bats
  2 giant cockroaches (D:3)
  14 goblins
  13 hobgoblins
  8 jackals
  2 quokkas
  3 ball pythons
  9 frilled lizards
  11 kobolds
  A leopard gecko skeleton (D:4)
  8 rats
217 creatures vanquished.

Notes
Turn   | Place    | Note
-------+----------+-------------------------------------------
     0 | D:1      | Chaoticas the Draconian Fire Elementalist began the quest for the Orb.
     0 | D:1      | Reached XP level 1. HP: 14/14 MP: 3/3
   513 | D:1      | Reached XP level 2. HP: 20/20 MP: 1/5
  1073 | D:1      | Reached XP level 3. HP: 26/26 MP: 2/6
  1395 | D:2      | Learned a level 2 spell: Throw Flame
  1531 | D:2      | Reached XP level 4. HP: 28/33 MP: 2/8
  1601 | D:2      | Learned a level 3 spell: Conjure Flame
  1964 | D:2      | Found a sparkling altar of Nemelex Xobeh.
  2225 | D:2      | Found a basalt altar of Yredelemnul.
  2731 | D:2      | Found a hide-covered altar of Uskayaw.
  2820 | D:2      | Reached XP level 5. HP: 38/38 MP: 5/9
  2893 | D:2      | Reached skill level 4 in Fire Magic
  4010 | D:3      | Reached XP level 6. HP: 45/45 MP: 7/11
  4865 | D:4      | Learned a level 4 spell: Sticky Flame
  4884 | D:4      | Reached skill level 5 in Fire Magic
  5243 | D:4      | Found a shadowy altar of Dithmenos.
  5259 | D:4      | Found a stormy altar of Qazlal.
  5260 | D:4      | Noticed an air elemental
  5260 | D:4      | Noticed a fire elemental
  5260 | D:4      | Noticed a water elemental
  5332 | D:4      | Your scales start taking on a glossy black colour.
  5332 | D:4      | Reached XP level 7. HP: 50/50 MP: 0/13
  5332 | D:4      | Gained mutation: You are resistant to electric shocks. (rElec) [Black Draconian growth]
  5478 | D:5      | Entered Level 5 of the Dungeon
  5853 | D:5      | Found Nogi's Antique Armour Boutique.
  5953 | D:5      | Found Agips's Distillery.
  6169 | D:5      | Reached skill level 5 in Conjurations
  6258 | D:5      | Reached skill level 5 in Spellcasting
  6612 | D:5      | Reached skill level 6 in Fire Magic
  6612 | D:5      | Reached XP level 8. HP: 54/57 MP: 15/15
  7428 | D:5      | Found a runed door.
  7432 | D:5      | Noticed Crazy Yiuf
  7440 | D:5      | Killed Crazy Yiuf
  7748 | D:6      | Found a blossoming altar of Fedhas.
  7797 | D:6      | Found an ancient bone altar of Kikubaaqudgha.
  7799 | D:6      | Found a white marble altar of Elyvilon.
  7799 | D:6      | Found a snail-covered altar of Cheibriados.
  7799 | D:6      | Found an opulent altar of Gozag.
  7799 | D:6      | Found a shattered altar of Ashenzari.
  7880 | D:6      | Found Miwuanwa's Weapon Emporium.
  8123 | D:6      | Noticed Blork the orc
  8124 | D:6      | Noticed Sigmund
  8323 | D:6      | Killed Blork the orc
  8342 | D:6      | Killed Sigmund
  8342 | D:6      | Reached skill level 7 in Fire Magic
  8493 | D:6      | Noticed Eustachio
  8499 | D:6      | Killed Eustachio
  8619 | D:6      | Found a staircase to the Ecumenical Temple.
  8635 | Temple   | Entered the Ecumenical Temple
  8801 | Temple   | Became a worshipper of Vehumet
  8944 | D:6      | Noticed dtmoney's ghost (novice MfIE)
  9328 | D:6      | Reached XP level 9. HP: 37/62 MP: 10/18
  9635 | D:7      | Noticed sleevener's ghost (novice VSTm)
  9855 | D:7      | Found a hide-covered altar of Uskayaw.
 10104 | D:7      | Reached * piety under Vehumet
 10104 | D:7      | Offered knowledge of Sandblast by Vehumet.
 10653 | D:7      | Reached skill level 8 in Fire Magic
 11612 | D:8      | Noticed a gargoyle
 11619 | D:8      | Killed a gargoyle
 12178 | D:9      | Found a burning altar of Makhleb.
 12296 | D:9      | Found a shimmering altar of Xom.
 12471 | D:9      | Reached skill level 9 in Fire Magic
 12471 | D:9      | Reached XP level 10. HP: 44/69 MP: 4/21
 12703 | D:9      | Learned a level 5 spell: Fireball
 12819 | D:9      | Found Voloibb's General Store.
 12874 | D:9      | You fall through a shaft for 3 floors!
 12882 | D:12     | Noticed a cyclops
 12922 | D:11     | Noticed Erolcha
 12931 | D:11     | Killed from afar by Erolcha

Vault maps used:
D:1:      scummos_arrival_star, minivault_14, minmay_lizard_pond
D:2:      marbit_many_paths, lemuel_doored_altar, lemuel_coloured_pillars_altar,
          minmay_split_cup_large
D:3:      cheibrodos_sewer_entry_bend, first_bread, grunt_ministairs_15
D:4:      lemuel_round_altar, minmay_misc_feat_plants,
          kennysheep_cluttered_room, nicolae_qazlal_style_of_elements
D:5:      serial_shops, nicolae_shop_temple_entry_statues_fountains,
          nicolae_shop_behind_doors, hex_medium, kennysheep_big_empty_room,
          uniq_crazy_yiuf_cottage
D:6:      grunt_temple_overflow_open, minmay_temple_entry_grid, serial_shops,
          kennysheep_mini_moat, uniq_blork_the_orc, uniq_sigmund, uniq_eustachio
D:7:      basic_altar
D:9:      bloody_makhleb, kennysheep_little_box, serial_shops,
          nicolae_shop_waterfront, serial_corexii_hall, corexii_hall_statues_l,
          corexii_hall_statues_i, enter_bailey_3
D:11:     nemelex_diamond_rough_becter, uniq_erolcha
D:12:     serial_shops, shop_fountains, grunt_tengu_nest
Temple:   dpeg_chambers_temple

Skill      XL: |  1  2  3  4  5  6  7  8  9 10 |
---------------+-------------------------------+-----
Conjurations   | 2 3 4 5 6 8 |  8.5
Spellcasting   | 3 4 5 6 7 8 |  8.0
Fire Magic     | 4 5 6 7 9 |  9.1
Dodging        | |  1.7
Stealth        | |  1.7

Action                   |  1- 3 |  4- 6 |  7- 9 | 10-12 || total
-------------------------+-------+-------+-------+-------++-------
Melee: Unarmed           |    42 |       |       |       ||    42
       Tailslap          |     4 |     5 |    22 |     1 ||    32
       Dagger            |    57 |       |       |       ||    57
       Mace              |     9 |    38 |   181 |       ||   228
       Quarterstaff      |       |       |    98 |     9 ||   107
Throw: Stone             |       |    11 |       |       ||    11
 Cast: Flame Tongue      |    41 |   144 |   105 |     3 ||   293
       Throw Flame       |       |    12 |   125 |     2 ||   139
       Sticky Flame      |       |       |    14 |     2 ||    16
       Conjure Flame     |       |       |     1 |       ||     1
 Abil: Breathe Lightning |       |       |     2 |       ||     2
  Use: Scroll            |       |     7 |       |     5 ||    12
       Potion            |       |       |       |     1 ||     1
 Stab: Sleeping          |       |     1 |     2 |       ||     3
       Distracted        |       |       |     1 |       ||     1
       Petrifying        |       |       |     1 |       ||     1
  Eat: Chunk             |     2 |    10 |     3 |     1 ||    16
       Royal jelly       |     1 |       |       |       ||     1
       Bread ration      |       |       |     5 |       ||     5
       Fruit             |       |       |     2 |       ||     2
Armor: Skin              |    57 |    27 |   143 |     3 ||   230
Dodge: Dodged            |   104 |    70 |   249 |     9 ||   432
